 Dungeon Crawl Stone Soup version 0.17-a0-1987-gaf5a542 (webtiles) character file.

60 hexophile the Ruffian (level 3, -1/36 HPs)
             Began as a Troll Monk on Oct 6, 2015.
             Killed from afar by an orc wizard (12 damage)
             ... with a puff of flame
             ... on level 3 of the Dungeon.
             The game lasted 00:01:39 (1135 turns).

hexophile the Ruffian (Troll Monk)                  Turns: 1135, Time: 00:01:39

Health: -1/36      AC:  5    Str: 19    XL:     3   Next: 80%
Magic:  2/2        EV: 10    Int:  6    God:
Gold:   123        SH:  0    Dex: 13    Spells: 0 memorised, 2 levels left

rFire  . . .     SeeInvis .       - Unarmed
rCold  . . .     Clarity  .     a - +0 robe
rNeg   . . .     SustAt   .     (no shield)
rPois  .         Gourm    +     (helmet restricted)
rElec  .         Spirit   .     (no cloak)
rCorr  .         Warding  .     (gloves unavailable)
rMut   .         Stasis   .     (boots unavailable)
MR     .....                    e - amulet of inaccuracy (curse)
Stlth  +.........               (no ring)
                                (no ring)

@: not resistant to hostile enchantments, very unstealthy
A: unfitting armour, claws 3, fast metabolism 3, gourmand, regeneration 2,
shaggy fur 1, tough skin 2
a: no special abilities


You were on level 3 of the Dungeon.
You were full.

You visited 1 branch of the dungeon, and saw 3 of its levels.

You collected 123 gold pieces.


Innate Abilities, Weirdness & Mutations

You are too large for most types of armour.
You have claws for hands.
Your metabolism is lightning-fast.
You like to eat raw meat.
You heal very quickly.
You are covered in fur (AC +1).
You have very tough skin (AC +2).

Inventory:

Armour
 a - a +0 robe (worn)
Jewellery
 e - a cursed amulet of inaccuracy (around neck)
Scrolls
 c - a scroll of fog
 h - a scroll of identify
 l - a scroll of recharging {unknown}
Potions
 k - 3 potions of heal wounds {unknown}
Books
 i - a book of Transfigurations

   Spells                             Type                      Level
   a - Stoneskin                      Transmutation/Earth          2
   b - Irradiate                      Conjuration/Transmutation    5
   c - Statue Form                    Transmutation/Earth          6
   d - Hydra Form                     Transmutation                6
   e - Dragon Form                    Transmutation                7
Comestibles
 b - 2 bread rations
 d - 2 fruits
 f - a meat ration
 g - a beef jerky
 j - a slice of pizza


You had 2 spell levels left.
You didn't know any spells.


   Skills:
 - Level 2.4 Fighting
 - Level 2.4 Dodging
 - Level 1.1 Stealth
 + Level 5.5 Unarmed Combat

Dungeon Overview and Level Annotations

Branches:
Dungeon (3/15)

Altars:

Vault maps used:
D:1:      grunt_arrival_lava_bath, minmay_misc_feat_roman
D:3:      cheibriados_altar_1, old_standard_altar, nicolae_tso_carved_into_rock,
          lemuel_round_altar, ecumenical_altar_2, uniq_natasha
You       could see an orc wizard and 3 orcs.


Message History

You miss the goblin. The goblin closely misses you.
An orc comes into view. It is wielding a trident.
You barely miss the goblin. The goblin hits you with a club.
You take 2 damage, and have 33/36 hp.
You closely miss the goblin.
The orc shouts!
You hear a shout!
You hear a shout!
The goblin hits you but does no damage. The orc barely misses you.
You miss the goblin. You claw the goblin.
You kill the goblin!
An orc wizard comes into view. It is wielding a dagger.
The orc wizard shouts!
You hear a shout!
The orc wizard casts a spell at you. The puff of flame hits you!
The orc hits you with a trident.
An orc comes into view. It is wielding a club.
You claw the orc!
You kill the orc!
The orc wizard moves out of view.
An orc comes into view. It is wielding a flail.
You see here a dagger.
The orc wizard misses you.
An orc comes into view. It is wielding a hand axe.
You closely miss the orc wizard. The orc wizard barely misses you.
You barely miss the orc wizard.
The orc wizard hits you but does no damage.
The orc misses you.
You take 5 damage, and have 29/36 hp.
You completely miss the orc wizard.
The orc wizard hits you but does no damage.
The orc hits you but does no damage. The orc hits you with a flail!
You take 8 damage, and have 21/36 hp.
MASSIVE DAMAGE!!
The orc shouts!
You scratch the orc wizard but do no damage.
The orc wizard hits you but does no damage.
You miss the orc wizard. The orc hits you but does no damage.
The orc hits you with a flail!
* * * LOW HITPOINT WARNING * * *
The orc wizard hits you but does no damage.
You take 11 damage, and have 11/36 hp.
MASSIVE DAMAGE!!
You scratch the orc wizard.
The orc wizard is heavily wounded.
The orc hits you but does no damage. The orc hits you with a flail.
* * * LOW HITPOINT WARNING * * *
The orc wizard completely misses you.
Unknown command.
You miss the orc wizard.
The orc wizard is heavily wounded.
The orc closely misses you. The orc wizard casts a spell at you.
The puff of flame hits you!
You die...

Action                   || total
-------------------------++-------
Melee: Unarmed           ||   131
  Use: Scroll            ||     5
 Stab: Sleeping          ||     5
  Eat: Chunk             ||    12

Notes
Turn   | Place    | Note
--------------------------------------------------------------
     0 | D:1      | hexophile the Troll Monk began the quest for the Orb.
     0 | D:1      | Reached XP level 1. HP: 22/22 MP: 0/0
    64 | D:1      | Reached XP level 2. HP: 22/29 MP: 1/1
   564 | D:2      | Reached skill level 5 in Unarmed Combat
   564 | D:2      | Reached XP level 3. HP: 31/36 MP: 2/2
  1135 | D:3      | Killed from afar by an orc wizard

Table legend:
 A = Turns spent in this place as a percentage of turns spent in the entire game.
 B = Non-inter-level travel turns spent in this place as a percentage of non-inter-level travel turns spent in the entire game.
 C = Inter-level travel turns spent in this place as a percentage of turns spent in this place.
 D = Turns resting spent in this place as a percentage of non-inter-level travel turns spent in this place.
 E = Turns spent auto-exploring this place as a percentage of non-inter-level travel turns spent in this place.
 F = Non-inter-level travel turns spent in this place divided by the number of levels of this place that you've seen.
                   A       B       C       D       E      F
               +-------+-------+-------+-------+-------+----------------------
         Total | 100.0 | 100.0 |   0.8 |   0.0 |   9.3 | 172.3
       Dungeon | 100.0 | 100.0 |   0.8 |   0.0 |   9.3 | 172.3
               +-------+-------+-------+-------+-------+----------------------

Table legend:
 A = Kills in this place as a percentage of kills in entire the game.
 B = Kills by you in this place as a percentage of kills by you in the entire game.
 C = Kills by friends in this place as a percentage of kills by friends in the entire game.
 D = Other kills in this place as a percentage of other kills in the entire game.
 E = Experience gained in this place as a percentage of experience gained in the entire game.
 F = Experience gained in this place divided by the number of levels of this place that you have seen.
                   A       B       C       D       E      F
               +-------+-------+-------+-------+-------+----------------------
         Total | 100.0 | 100.0 |  -nan |  -nan | 100.0 |  28.7
       Dungeon | 100.0 | 100.0 |  -nan |  -nan | 100.0 |  28.7
               +-------+-------+-------+-------+-------+----------------------

Vanquished Creatures
  2 oozes
  2 worms
  2 giant geckos
  2 orcs (D:3)
  8 bats
  6 goblins
  5 hobgoblins
  2 jackals (D:1)
  A ball python (D:2)
  2 giant cockroaches
  3 giant newts (D:2)
  3 kobolds
  2 rats (D:2)
40 creatures vanquished.
